 Dungeon Crawl Stone Soup version 0.17-a0-1760-ga6756ae (webtiles) character file.

144 Leibowitz the Ducker (level 4, 0/37 HPs)
             Began as a Demigod Gladiator on Sept 3, 2015.
             Slain by a gnoll
             ... wielding a +0 spear
              (8 damage)
             ... on level 3 of the Dungeon.
             The game lasted 00:07:21 (1880 turns).

Leibowitz the Ducker (Demigod Gladiator)            Turns: 1880, Time: 00:07:22

Health: 0/37       AC:  5    Str: 18    XL:     4   Next: 77%
Magic:  6/6        EV: 14    Int: 12    God:
Gold:   135        SH:  0    Dex: 18    Spells: 0 memorised, 3 levels left

rFire  + . .     SeeInvis .     a - +0 rapier
rCold  . . .     Clarity  .     e - +0 leather armour
rNeg   . . .     SustAt   +     (no shield)
rPois  .         Gourm    .     c - +1 helmet
rElec  .         Spirit   .     (no cloak)
rCorr  .         Warding  .     (no gloves)
rMut   .         Stasis   .     (no boots)
MR     .....                    (no amulet)
Stlth  ++........               (no ring)
                                l - ring of protection from fire

@: not resistant to hostile enchantments, unstealthy
A: high mp 1, sustain attributes
a: no special abilities


You were on level 3 of the Dungeon.
You were not hungry.

You visited 1 branch of the dungeon, and saw 3 of its levels.

You collected 135 gold pieces.

Inventory:

Hand weapons
 a - a +0 rapier (weapon)
Missiles
 n - a javelin (quivered)
Armour
 c - a +1 helmet (worn)
 e - a +0 leather armour (worn)
Jewellery
 l - a ring of protection from fire (left hand)
 t - an uncursed ring of ice
Scrolls
 f - a scroll of teleportation
 m - a scroll of remove curse {unknown}
 p - a scroll of immolation {unknown}
 r - 2 scrolls of identify {unknown}
 s - a scroll of fog {unknown}
 v - a scroll of recharging {unknown}
Potions
 u - a potion of curing
Comestibles
 b - 4 bread rations
 d - a meat ration
 j - 2 beef jerkies
 q - a chunk of flesh


   Skills:
 + Level 2.3 Fighting
 + Level 3.5 Short Blades
 + Level 1.8 Throwing
 + Level 1.2 Armour
 + Level 3.6 Dodging
 * Level 1.5 Stealth


You had 3 spell levels left.
You didn't know any spells.

Dungeon Overview and Level Annotations

Branches:
Dungeon (3/15)


Innate Abilities, Weirdness & Mutations

You have an increased reservoir of magic (+10% MP).
Your attributes are resistant to harm.


Message History

The gnoll hits you with a halberd!
* * * LOW HITPOINT WARNING * * *
The gnoll closely misses you.
Throwing (i - inventory. (,) - cycle):
o - a throwing net (quivered)
Press: ? - help, Shift-Dir - straight line, f/p - gnoll
Aim: a gnoll, wielding a halberd (severely wounded)
You throw a throwing net.
The throwing net barely misses the gnoll.
The gnoll closely misses you.
The gnoll hits you from afar with a spear!
* * * LOW HITPOINT WARNING * * *
Throwing (i - inventory):
n - 2 javelins (quivered)
Press: ? - help, Shift-Dir - straight line, f/p - gnoll
Aim: a gnoll, wielding a halberd (severely wounded)
You throw a javelin. The javelin closely misses the gnoll.
The gnoll hits you but does no damage.
Drink which item? (? for menu, Esc to quit)
You feel better. The gnoll hits you but does no damage.
The gnoll hits you from afar with a spear!
You die...

### ##.## ###
##...##...
#########(....#.#
...(..gg(.......#
########@.......#
#)......##
#.#.......$#
...##.....###
#.###....#### #
...## ...## #.##


You could see 2 gnolls.

Vanquished Creatures
  A gnoll (D:3)
  8 adders
  An ooze (D:2)
  3 worms (D:2)
  A giant gecko (D:1)
  2 orcs (D:3)
  A ball python (D:2)
  3 bats
  3 giant cockroaches
  3 goblins
  4 hobgoblins
  6 kobolds
  7 quokkas
  A giant newt (D:1)
  8 rats
52 creatures vanquished.

Notes
Turn   | Place    | Note
--------------------------------------------------------------
     0 | D:1      | Leibowitz the Demigod Gladiator began the quest for the Orb.
     0 | D:1      | Reached XP level 1. HP: 17/17 MP: 3/3
     9 | D:1      | Noticed a centaur
   212 | D:1      | Reached skill level 3 in Short Blades
   263 | D:1      | Reached XP level 2. HP: 24/24 MP: 4/4
   572 | D:2      | Found a blossoming altar of Fedhas.
   820 | D:2      | Reached XP level 3. HP: 26/29 MP: 5/5
  1247 | D:2      | Reached skill level 1 in Armour
  1247 | D:2      | Reached skill level 1 in Stealth
  1311 | D:2      | Gained mutation: Your flesh is cold resistant. [potion of mutation]
  1311 | D:2      | Gained mutation: You are resistant to hostile enchantments. [potion of mutation]
  1311 | D:2      | Gained mutation: You are partially covered in rough black scales (AC +4, Dex -1). [potion of mutation]
  1332 | D:2      | Reached XP level 4. HP: 27/36 MP: 6/6
  1794 | D:3      | Found an ancient bone altar of Kikubaaqudgha.
  1840 | D:3      | Lost mutation: You are resistant to hostile enchantments. [potion of cure mutation]
  1840 | D:3      | Lost mutation: Your flesh is cold resistant. [potion of cure mutation]
  1840 | D:3      | Lost mutation: You are partially covered in rough black scales (AC +4, Dex -1). [potion of cure mutation]
  1878 | D:3      | HP: 1/37 [gnoll/spear (7)]
  1880 | D:3      | Slain by a gnoll

Vault maps used:
D:1:      evilmike_arrival_come_back, st_stairs_12
D:2:      lemuel_doored_altar, first_bread
D:3:      old_standard_altar, minmay_misc_feat_tower

Action                   |  1- 3 |  4- 6 || total
-------------------------+-------+-------++-------
Melee: Rapier            |   133 |    68 ||   201
Throw: Javelin           |     3 |     1 ||     4
       Throwing net      |     4 |     3 ||     7
  Use: Potion            |     4 |     2 ||     6
       Scroll            |       |     4 ||     4
 Stab: Held in net/web   |       |     1 ||     1
       Sleeping          |       |     1 ||     1
  Eat: Chunk             |     1 |     2 ||     3
